 Dungeon Crawl Stone Soup version 0.28-a0-563-gf77a47075d (webtiles) character file.

Game seed: 5536394946270649465

5861 kae the Martial Artist (level 10, -2/94 HPs)
             Began as a Demonspawn Transmuter on Sept 30, 2021.
             Was a Follower of Wu Jian.
             Slain by a gnoll sergeant (14 damage)
             ... on level 10 of the Dungeon.
             The game lasted 00:06:53 (12141 turns).

kae the Martial Artist (Demonspawn Transmuter)     Turns: 12141, Time: 00:06:53

Health: -2/94      AC:  7    Str: 12    XL:     10   Next: 52%
Magic:  7/13       EV: 10    Int: 17    God:    Wu Jian [*.....]
Gold:   425        SH:  0    Dex: 13    Spells: 5/13 levels left

rFire   x . .      SeeInvis .     - Unarmed
rCold   + + +      Faith    .   (shield currently unavailable)
rNeg    . . .      Spirit   .   (armour currently unavailable)
rPois   +          Reflect  .   (helmet currently unavailable)
rElec   .          Harm     .   (cloak currently unavailable)
rCorr   .          Rampage  .   (gloves currently unavailable)
Will    .....                   (boots currently unavailable)
Stlth   +.........              (no amulet)
HPRegen 0.25/turn               (no ring)
MPRegen 0.13/turn               (no ring)

@: ice-form, very slightly contaminated
A: freezing attack, amphibious, boosted hp, large, (talons 1), (yellow scales
1), (spiny 2), demonic magic 1
a: End Transformation, Renounce Religion


You were on level 10 of the Dungeon.
You worshipped Wu Jian.
Wu Jian was aware of your devotion.
You were a creature of crystalline ice.
You visited 2 branches of the dungeon, and saw 11 of its levels.

You collected 529 gold pieces.
You spent 104 gold pieces at shops.

Inventory:

Hand Weapons
 b - a +2 dagger of chaos
Missiles
 t - a throwing net
Armour
 a - a +0 robe (melded)
Jewellery
 h - a +6 ring of intelligence
 m - a ring of fire
 q - a ring of flight
 x - an amulet of faith
Wands
 f - a wand of flame (32)
 n - a wand of charming (10)
 r - a wand of paralysis (20)
 u - a wand of acid (16)
 y - a wand of polymorph (9)
Scrolls
 e - 3 scrolls of enchant armour
 p - 5 scrolls of identify
 s - a scroll of blinking
 w - a scroll of teleportation
Potions
 c - a potion of heal wounds
 d - a potion of curing
 g - a potion of attraction
 i - a potion of resistance
 j - a potion of magic
 k - a potion of might
 l - a potion of haste
 o - a potion of invisibility
 v - 3 potions of lignification


   Skills:
 + Level 7.3 Fighting
 + Level 1.9 Dodging
 * Level 10.0 Unarmed Combat
 - Level 2.0 Spellcasting
 + Level 6.9 Transmutations
 - Level 5.0 Ice Magic
 - Level 2.0 Poison Magic


You had 5 spell levels left.
You knew the following spells:

 Your Spells              Type           Power      Damage    Failure   Level
a - Beastly Appendage     Tmut           50%        N/A       1%          1
b - Spider Form           Tmut/Pois      8%         N/A       10%         3
c - Ice Form              Ice/Tmut       21%        N/A       17%         4

Your spell library contained the following spells:

 Spells                   Type           Power      Damage    Failure   Level
 Wereblood                Tmut           25%        N/A       1%          2
 Passwall                 Tmut/Erth      10%        N/A       7%          2
 Apportation              Tloc           2%         N/A       19%         1
 Sublimation of Blood     Necr           0%         N/A       28%         2
 Alistair's Intoxication  Tmut/Pois      10%        N/A       65%         5
 Leda's Liquefaction      Hex/Erth       0%         N/A       88%         4
 Borgnjor's Vile Clutch   Necr/Erth      0%         N/A       99%         5
 Lee's Rapid Deconstruct  Erth           0%         3d5*      99%         5
 Invisibility             Hex            0%         N/A       100%        6
 Statue Form              Tmut/Erth      8%         N/A       100%        6


Dungeon Overview and Level Annotations

Branches:
Dungeon (10/15)            Temple (1/1) D:6             Orc (0/2) D:10
   Lair: D:8-11

Altars:
Ashenzari
Cheibriados
Dithmenos
Elyvilon
Fedhas
Gozag
Hepliaklqana
Kikubaaqudgha
Nemelex Xobeh
Okawaru
Qazlal
Ru
Sif Muna
Trog
Uskayaw
Vehumet
Wu Jian
Xom
Yredelemnul
Zin
The Shining One

Shops:
D:5 [   D:7 ?   D:9 *

Annotations:
D:8 2 transporters, sn0wgr3's ghost, novice MiFi
D:9 3 runed translucent doors, vurker's ghost, journeyman DjCA


Innate Abilities, Weirdness & Mutations

You are a creature of crystalline ice.
You have a powerful freezing melee attack.
You are amphibious.
Your maximum health is increased.
Your armour is entirely melded.
You are incapable of wielding weapons or throwing items.
((You have sharp toenails.))
((You are partially covered in yellow scales. (AC +2)))
((You are mostly covered in sharp spines.))
Spells you cast may paralyse adjacent enemies.


Message History

You kill the gnoll sergeant!
The Council accepts your kill.
You lunge at the kobold brigand.
You completely miss the kobold brigand. The kobold brigand misses you.
The gnoll sergeant hits you from afar with a +5 spear of venom!
The orc warrior hits you with a +0 dire flail!
Things that are here:
a +0 spear; a +0 scale mail; a gnoll corpse You are too injured to fight recklessly!
You barely miss the kobold brigand. The orc warrior barely misses you.
The kobold brigand hits you but does no damage.
The gnoll sergeant hits you from afar with a +5 spear of venom!
You are too injured to fight recklessly!
You are too injured to fight recklessly!
You pummel the kobold brigand!! You freeze the kobold brigand.
The kobold brigand is almost dead.
The kobold brigand closely misses you.
The gnoll sergeant hits you from afar with a +5 spear of venom!
You are poisoned.
The orc warrior hits you with a +0 dire flail!
* * * LOW HITPOINT WARNING * * *
You barely miss the kobold brigand.
The kobold brigand is almost dead.
You feel very sick.
The kobold brigand hits you but does no damage.
The orc warrior hits you with a +0 dire flail.
* * * LOW HITPOINT WARNING * * *
The gnoll sergeant hits you from afar with a +5 spear of venom!
* * * LOW HITPOINT WARNING * * *
You are too injured to fight recklessly!
You are too injured to fight recklessly!
* * * LOW HITPOINT WARNING * * *
You feel very sick.
Items here: )) [ †.
You feel better. The kobold brigand barely misses you.
You pummel the kobold brigand!! You freeze the kobold brigand.
You kill the kobold brigand!
The Council accepts your kill.
The gnoll sergeant hits you from afar with a +5 spear of venom!
You die...

#.............
########.............
.....................
...#########.........
########.........
.................
................. .
...........#######....
............Y)o.....?.
...........###g#####.P
...........# .OK8
...........#goog.#
########...#gKoO.#
#...#ooo..#
....#8o..8#
.....#######


You could see an orc warrior, a kobold brigand and a gnoll sergeant.

Vanquished Creatures
  Harold (D:8)
  2 two-headed ogres
  An unseen horror (D:7)
  2 trolls
  A wraith (D:9)
  A steam dragon (D:6)
  2 water moccasins
  2 sky beasts
  An ice beast (D:7)
  A black bear (D:5)
  A hornet zombie (D:8)
  An orc warrior (D:9)
  A necrophage (D:7)
  4 ogres
  6 centaurs
  3 kobold brigands
  5 bullfrogs
  A gnoll sergeant (D:10)
  A scorpion (D:4)
  A howler monkey (D:5)
  A centaur zombie (D:7)
  A crimson imp (D:4)
  5 orc priests
  2 hounds
  2 jellies
  A centaur skeleton (D:5)
  3 bullfrog skeletons
  4 orc wizards
  Terence (D:3)
  Natasha (thrice) (D:3)
  An iguana (D:5)
  2 killer bee zombies
  2 howler monkey zombies
  A howler monkey skeleton (D:5)
  3 adders
  A shadow imp (D:6)
  A white imp (D:4)
  2 ufetubi
  2 adder skeletons (D:4)
  A worm (D:2)
  16 orcs
  4 ball pythons
  3 bats
  6 endoplasms
  A giant cockroach (D:3)
  7 goblins
  5 hobgoblins
  2 jackals (D:3)
  18 kobolds
  4 quokkas
  2 frilled lizards
  9 rats
154 creatures vanquished.

Notes
Turn   | Place    | Note
-------+----------+-------------------------------------------
     0 | D:1      | kae the Demonspawn Transmuter began the quest for the Orb.
     0 | D:1      | Reached XP level 1. HP: 15/15 MP: 3/3
   718 | D:1      | Reached skill level 3 in Unarmed Combat
   718 | D:1      | Gained mutation: You are partially covered in sharp spines.
                  | [demonic ancestry]
   718 | D:1      | Reached XP level 2. HP: 15/21 MP: 5/5
  1421 | D:2      | Gained mutation: You are mostly covered in sharp spines.
                  | [demonic ancestry]
  1421 | D:2      | Reached XP level 3. HP: 26/27 MP: 6/6
  2154 | D:3      | Gained mutation: You have sharp toenails. [demonic
                  | ancestry]
  2154 | D:3      | Reached XP level 4. HP: 29/33 MP: 7/7
  2261 | D:3      | Reached skill level 4 in Unarmed Combat
  2598 | D:3      | Gained mutation: Spells you cast may paralyse adjacent
                  | enemies. [demonic ancestry]
  2598 | D:3      | Reached XP level 5. HP: 39/39 MP: 8/8
  2671 | D:3      | Noticed Natasha
  2677 | D:3      | Killed Natasha
  2808 | D:3      | Found a faded altar of an unknown god.
  2814 | D:3      | Noticed Terence
  2822 | D:3      | Killed Terence
  3099 | D:3      | Found a faded altar of an unknown god.
  3185 | D:3      | Noticed Natasha
  3188 | D:3      | Killed Natasha
  3504 | D:3      | Noticed Natasha
  3519 | D:3      | Killed Natasha
  3933 | D:3      | Found a faded altar of an unknown god.
  4137 | D:4      | Reached XP level 6. HP: 31/47 MP: 9/9
  4359 | D:4      | Reached skill level 5 in Unarmed Combat
  4935 | D:4      | Found a hazy altar of Hepliaklqana.
  4939 | D:4      | Found a basalt altar of Yredelemnul.
  5201 | D:5      | Entered Level 5 of the Dungeon
  5282 | D:5      | Reached XP level 7. HP: 41/52 MP: 10/10
  5373 | D:5      | Learned a level 3 spell: Spider Form
  5378 | D:5      | Learned a level 4 spell: Ice Form
  5441 | D:5      | Reached skill level 1 in Poison Magic
  5712 | D:5      | Identified the +1 robe of Free Will {rElec rN++ rCorr
                  | Int-4}
  5828 | D:5      | Reached skill level 6 in Unarmed Combat
  6042 | D:5      | Found Koditorown's Antique Armour Shoppe.
  6067 | D:5      | Got the Reference Book on Ashen Sinister Magic
  6588 | D:6      | Reached XP level 8. HP: 24/61 MP: 8/11
  6774 | D:6      | Found a staircase to the Ecumenical Temple.
  6880 | D:6      | Reached skill level 1 in Ice Magic
  7045 | Temple   | Entered the Ecumenical Temple
  7313 | Temple   | Became a worshipper of the Wu Jian Council
  7641 | D:6      | Found a shadowy altar of Dithmenos.
  7763 | D:7      | Reached skill level 7 in Unarmed Combat
  7769 | D:7      | Reached skill level 5 in Fighting
  7983 | D:7      | Found a bloodstained altar of Trog.
  7989 | D:7      | Found Maunk's Magic Scroll Emporium.
  7993 | D:7      | Bought 2 scrolls of identify for 52 gold pieces
  7993 | D:7      | Bought a scroll of identify for 26 gold pieces
  7993 | D:7      | Bought a scroll of identify for 26 gold pieces
  8051 | D:7      | Killed an unseen horror
  8052 | D:7      | Reached skill level 5 in Transmutations
  8600 | D:7      | Reached XP level 9. HP: 56/68 MP: 5/12
  8846 | D:7      | Found a shimmering altar of Xom.
  8846 | D:7      | Found a shimmering altar of Xom.
  8847 | D:7      | Found a shimmering altar of Xom.
  8847 | D:7      | Found a shimmering altar of Xom.
  8847 | D:7      | Found a shimmering altar of Xom.
  8847 | D:7      | Found a shimmering altar of Xom.
  9487 | D:8      | Noticed a two-headed ogre
  9498 | D:8      | Killed a two-headed ogre
  9499 | D:8      | Reached skill level 8 in Unarmed Combat
  9499 | D:8      | Reached skill level 5 in Ice Magic
  9754 | D:8      | Noticed Harold
  9768 | D:8      | Killed Harold
  9769 | D:8      | Reached skill level 9 in Unarmed Combat
  9987 | D:8      | Noticed a troll
  9995 | D:8      | Killed a troll
  9996 | D:8      | Gained mutation: You are partially covered in yellow
                  | scales. (AC +2) [demonic ancestry]
  9996 | D:8      | Reached XP level 10. HP: 77/77 MP: 8/13
 10043 | D:8      | Reached * piety under Wu Jian
 10117 | D:8      | Found a transporter.
 10120 | D:8      | Noticed a cyclops
 10120 | D:8      | Noticed sn0wgr3's ghost (novice MiFi)
 10125 | D:8      | Found a transporter.
 10131 | D:8      | Found a bloodstained altar of Trog.
 10159 | D:8      | Noticed a moth of wrath
 10455 | D:9      | Noticed a two-headed ogre
 10462 | D:9      | Killed a two-headed ogre
 10766 | D:9      | Found Tidd's Neck Hole.
 11178 | D:9      | Found a runed translucent gate.
 11179 | D:9      | Found a runed translucent gate.
 11179 | D:9      | Found a runed translucent gate.
 11180 | D:9      | Noticed vurker's ghost (journeyman DjCA)
 11790 | D:9      | Reached skill level 10 in Unarmed Combat
 12091 | D:10     | Entered Level 10 of the Dungeon
 12121 | D:10     | Found a staircase to the Orcish Mines.
 12138 | D:10     | HP: 4/94 [gnoll sergeant (12)]
 12139 | D:10     | HP: 1/94 [poisoned by a gnoll sergeant]
 12141 | D:10     | Slain by a gnoll sergeant

Illustrated notes

Levels and vault maps discovered:
D:1:      heliophobic_arrival_dark_side_of_the_moon, layout_loops_corners
D:2:      layout_rooms, minmay_pentomino_pile
D:3:      layout_loops_cross, basic_ecumenical_altar, minmay_misc_feat_tower,
          minivault_27, uniq_terence, uniq_natasha
D:4:      layout_cave_pools, minitemple, grunt_ministairs_1,
          minmay_fire_ice_demons
D:5:      layout_loops_ring, serial_shops, shop, grunt_decor_one_mirror
D:6:      layout_rooms, grunt_dithmenos_shadows, minmay_temple_entry_arrows
D:7:      layout_loops_ring, xom_shifter_show, bloody_trog, serial_shops, shop
D:8:      layout_cave_pools, gammafunk_ghost_wrathful_warriors,
          hangedman_decor_slide_cut, lemuel_flame_loot_1, uniq_harold
D:9:      layout_basic, ebering_ghost_rock_garden, dk_noncrumbling_4,
          nicolae_shop_sticking_my_neck_out
D:10:     layout_long_grid, lemuel_coloured_pillars_altar, david_lair_generic,
          kennysheep_orc_monster_closet_entryway
Temple:   eino_temple_scatter_basement

Skill      XL: |  1  2  3  4  5  6  7  8  9 10 |
---------------+-------------------------------+-----
Unarmed Combat | 3 4 5 6 7 9 10 | 10.0
Transmutations | 2 3 4 5 6 |  6.9
Fighting       | 2 3 4 5 6 7 |  7.3
Poison Magic   | 2 |  2.0
Ice Magic      | 3 5 |  5.0
Dodging        | |  1.9
Spellcasting   | |  2.0

Action                   |  1- 3 |  4- 6 |  7- 9 | 10-12 || total
-------------------------+-------+-------+-------+-------++-------
Melee: Dagger            |    50 |    86 |    50 |       ||   186
       Unarmed           |     3 |       |   159 |    67 ||   229
       Punch             |     2 |     2 |     1 |       ||     5
       Kick              |       |    17 |    10 |     2 ||    29
       Headbutt          |       |     1 |     4 |       ||     5
 Cast: Beastly Appendage |       |     1 |     2 |       ||     3
       Spider Form       |       |       |    14 |       ||    14
       Ice Form          |       |       |     4 |     8 ||    12
Invok: Lunge             |       |       |     5 |     4 ||     9
       Whirlwind         |       |       |       |     1 ||     1
  Use: Potion            |     1 |     1 |     1 |     1 ||     4
       Scroll            |     6 |     5 |     6 |     2 ||    19
 Stab: Sleeping          |     3 |       |       |       ||     3
       Paralysed         |       |       |     4 |     4 ||     8
Armor: Robe              |     6 |     9 |    13 |     3 ||    31
       Skin              |       |       |    18 |    22 ||    40
Dodge: Dodged            |    24 |    34 |   137 |    40 ||   235

Table legend: (Time is in decaauts)
 A = Elapsed time spent in this place.
 B = Non-inter-level travel time spent in this place.
 C = Inter-level travel time spent in this place.
 D = Time resting spent in this place.
 E = Time spent auto-exploring this place.
 F = Levels seen in this place.
 G = Mean time per level.
                   A        B        C        D        E       F      G
               +--------+--------+--------+--------+--------+-----+--------+
         Total |  12121 |  11761 |    360 |   1474 |   9195 |  11 | 1101.9 |
       Dungeon |  11840 |  11517 |    323 |   1474 |   8966 |  10 | 1184.0 |
        Temple |    281 |    245 |     36 |      0 |    229 |   1 |  281.0 |
               +--------+--------+--------+--------+--------+-----+--------+

Top non-repeatable levels by time:
     D:3: 2127 daAuts
     D:8: 1539 daAuts
     D:1: 1399 daAuts
     D:9: 1395 daAuts
     D:5: 1367 daAuts
     D:7: 1245 daAuts
     D:4: 1050 daAuts
     D:6: 1042 daAuts
     D:2: 623 daAuts
  Temple: 281 daAuts
    D:10: 48 daAuts
